 Dungeon Crawl Stone Soup version 0.27.1 (webtiles) character file.

Game seed: 17010406100357998400

104 Thatpatchoflichen the Skirmisher (level 4, -1/41 HPs)
             Began as a Hill Orc Monk on Sept 2, 2021.
             Was a Believer of the Shining One.
             Slain by a water moccasin (6 damage)
             ... on level 3 of the Dungeon.
             The game lasted 00:08:03 (3351 turns).

Thatpatchoflichen the Skirmisher (Hill Orc Monk)    Turns: 3351, Time: 00:08:04

Health: -1/41      AC: 11    Str: 14    XL:     4   Next: 80%
Magic:  5/5        EV:  7    Int: 10    God:    the Shining One [**....]
Gold:   166        SH:  0    Dex: 13    Spells: 3/3 levels left

rFire    . . .     SeeInvis .   a - +0 hand axe
rCold    . . .     Faith    .   (no shield)
rNeg     + . .     Spirit   .   p - +0 chain mail
rPois    .         Reflect  .   (no helmet)
rElec    .         Harm     .   (no cloak)
rCorr    .         Rampage  .   m - +0 pair of gloves
Will     +....                  e - +0 pair of boots
Stlth    ..........             (no amulet)
HPRegen  0.13/turn              n - ring of willpower
MPRegen  0.09/turn              (no ring)

@: glowing
A: no striking features
a: Renounce Religion, Divine Shield


You were on level 3 of the Dungeon.
You worshipped the Shining One.
The Shining One was pleased with you.
You visited 1 branch of the dungeon, and saw 3 of its levels.

You collected 166 gold pieces.

Inventory:

Hand Weapons
 a - a +0 hand axe (weapon)
Missiles
 b - 35 sling bullets
 c - 62 stones (quivered)
 d - 40 arrows
 f - 4 poisoned darts
 g - 5 javelins
Armour
 e - a +0 pair of boots (worn)
 m - a +0 pair of gloves (worn)
 p - a +0 chain mail (worn)
Jewellery
 n - a ring of willpower (left hand)
Scrolls
 h - a scroll of amnesia {unknown}
 j - a scroll of enchant armour {unknown}
 k - a scroll of teleportation {unknown}
 l - a scroll of noise {unknown}
Potions
 i - 2 potions of attraction {unknown}
 o - a potion of cancellation {unknown}


   Skills:
 + Level 4.6 Fighting
 - Level 4.0 Axes
 * Level 3.5 Armour
 - Level 2.4 Dodging
 - Level 1.5 Stealth
 * Level 1.6 Invocations


You had 3 spell levels left.
You didn't know any spells.
Your spell library contained the following spells:

 Spells                   Type           Power      Damage    Failure   Level
 Ozocubu's Armour         Ice            0%         N/A       100%        3
 Metabolic Englaciation   Hex/Ice        0%         N/A       100%        5
 Simulacrum               Ice/Necr       0%         N/A       100%        6


Dungeon Overview and Level Annotations

Branches:
Dungeon (3/15)

Altars:
The Shining One


Message History

The water moccasin hisses angrily.
A water moccasin is nearby!
You closely miss the water moccasin.
The water moccasin bites you but does no damage. x2
You hit the water moccasin.
The water moccasin is lightly wounded.
The water moccasin bites you but does no damage. x2
Your chain mail prevents you from hitting the water moccasin.
The water moccasin is lightly wounded.
The water moccasin barely misses you.
You hit the water moccasin.
The water moccasin is moderately wounded.
The water moccasin bites you.
You are poisoned.
The water moccasin poisons you!
The water moccasin bites you but does no damage.
You hit the water moccasin.
The water moccasin is moderately wounded.
You feel very sick. The water moccasin closely misses you.
You closely miss the water moccasin.
The water moccasin is moderately wounded.
You feel very sick. The water moccasin bites you!
The water moccasin bites you but does no damage.
You feel very sick.
You feel sick.
You feel sick.
The water moccasin bites you but does no damage.
You feel sick.
You feel sick.
You feel sick. The water moccasin bites you.
* * * LOW HITPOINT WARNING * * *
You feel sick.
You feel sick.
You are no longer poisoned.
The water moccasin bites you but does no damage.
The water moccasin bites you but does no damage.
The water moccasin bites you.
You die...

#.#.# #.## #.#.# #.#.
#.#.#############.#.
#.#>................
#.#.#############.#.
#.#.# #.## #.#.# #.#
#.#.##.. #.#
#########.#@##.# #.# #.#
#.........#S##.# #.# #.#
##.#########.##.# #.#
#.# #..........#.##.#
##.####.#
##########.#.##.#
#......[# #.#.##.#
#.......#
#####.#.##.####.....[.#
#.....#.##............#
#...........##.#.####+##


You could see a water moccasin.

Vanquished Creatures
  3 adders (D:2)
  2 worms (D:2)
  3 dart slugs
  5 orcs
  5 bats
  3 endoplasms
  10 goblins
  6 hobgoblins
  3 jackals (D:2)
  2 quokkas
  5 ball pythons
  2 frilled lizards (D:1)
  3 kobolds (D:1)
  6 rats
58 creatures vanquished.

Notes
Turn   | Place    | Note
-------+----------+-------------------------------------------
     0 | D:1      | Thatpatchoflichen the Hill Orc Monk began the quest for the
                  | Orb.
     0 | D:1      | Reached XP level 1. HP: 19/19 MP: 1/1
   384 | D:1      | Reached skill level 1 in Armour
   431 | D:1      | Reached XP level 2. HP: 24/27 MP: 2/2
   612 | D:1      | Found a faded altar of an unknown god.
  1327 | D:2      | Reached XP level 3. HP: 13/33 MP: 3/3
  1661 | D:2      | Found a glowing golden altar of the Shining One.
  1715 | D:2      | Became a worshipper of the Shining One
  1715 | D:2      | Reached * piety under the Shining One
  1715 | D:2      | Reached ** piety under the Shining One
  2028 | D:2      | Reached XP level 4. HP: 40/41 MP: 4/4
  2081 | D:2      | Reached skill level 1 in Invocations
  3330 | D:3      | Noticed a water moccasin
  3351 | D:3      | Slain by a water moccasin

Illustrated notes

Levels and vault maps discovered:
D:1:      heliophobic_arrival_glass_houses, layout_loops_corners,
          hellmonk_ecumenical_altar_arch_garden, st_stairs_4, fountainhead,
          nrook_campfire
D:2:      cheibrodos_greedy_goblins, layout_rooms, basic_altar,
          minmay_misc_feat_square
D:3:      layout_basic

Skill      XL: |  1  2  3  4 |
---------------+-------------+-----
Armour         | 1 2 3 |  3.5
Fighting       | 4 |  4.6
Invocations    | 1 |  1.6
Axes           | |  4.0
Dodging        | |  2.4
Stealth        | |  1.5

Action                   |  1- 3 |  4- 6 || total
-------------------------+-------+-------++-------
Melee: Hand axe          |   109 |    80 ||   189
 Stab: Sleeping          |     4 |       ||     4
Armor: Robe              |    10 |       ||    10
       Leather armour    |    45 |       ||    45
       Ring mail         |       |    22 ||    22
       Chain mail        |       |     9 ||     9
Dodge: Dodged            |    99 |    51 ||   150
